 Dungeon Crawl Stone Soup version 0.30-a0-953-g5f1da4a474 (webtiles) character file.

Game seed: 13469479151287685528

5586 DeathPants the Carver (level 10, -16/55 HPs)
             Began as a Vine Stalker Gladiator on Mar 28, 2023.
             Was an Initiate of Gozag.
             Killed from afar by a rime drake (25 damage)
             ... with an icy flash freeze
             ... on level 8 of the Dungeon.
             The game lasted 00:22:57 (6332 turns).

DeathPants the Carver (Vine Stalker Gladiator)      Turns: 6332, Time: 00:22:58

Health: -16/55     AC: 12    Str: 17    XL:     10   Next: 72%
Magic:  0/16       EV: 13    Int: 12    God:    Gozag
Gold:   999        SH:  5    Dex: 16    Spells: 15/15 levels left

rFire   . . .      SeeInvis .    a - +0 long sword (protect)
rCold   . . .      Faith    .    (no shield)
rNeg    . . .      Spirit   +    D - +4 ring mail
rPois   .          Reflect  +    c - +1 helmet
rElec   .          Rampage  .    (no cloak)
rCorr   .                        (no gloves)
Will    ++...                    x - +0 pair of boots
Stlth   +                        v - amulet of reflection
HPRegen 1.09/turn                p - ring of willpower
MPRegen 0.15/turn                d - ring of wizardry

@: gold aura
A: fangs 3, regeneration 1, magic shield, antimagic bite, no potion heal 2
a: Renounce Religion, Potion Petition, Call Merchant, Bribe Branch


You were on level 8 of the Dungeon.
You worshipped Gozag.
Gozag was pleased with you.
You visited 2 branches of the dungeon, and saw 10 of its levels.

You collected 1063 gold pieces.
You paid 64 gold pieces to Gozag.

Inventory:

Hand Weapons
 a - a +0 long sword of protection (weapon)
 b - a +6 great sword
Missiles
 e - a javelin (quivered)
 n - 14 poisoned darts
 A - a curare-tipped dart
 B - 4 boomerangs
Armour
 c - a +1 helmet (worn)
 o - a +0 buckler
 q - the +1 robe "Usemoda" {*Slow Str+3 Int+4 Slay+2}
   (You found it on level 2 of the Dungeon)

   Str:       It affects your strength (+3).
   Int:       It affects your intelligence (+4).
   Slay:      It affects your accuracy & damage with ranged weapons and melee
   (+2).
   *Slow:     It may slow you when you take damage.
 x - a +0 pair of boots (worn)
 y - +0 swamp dragon scales
 D - a +4 ring mail (worn)
Jewellery
 d - a ring of wizardry (right hand)
 k - a ring of protection from cold
 p - a ring of willpower (left hand)
 v - an amulet of reflection (around neck)
Wands
 s - a wand of roots (5)
 t - a wand of polymorph (11)
Scrolls
 g - 3 scrolls of teleportation
 w - 3 scrolls of fear
 C - a scroll of poison
Potions
 f - 2 potions of lignification
 h - 3 potions of curing
 i - 2 potions of flight
 j - a potion of brilliance
 l - a potion of haste
 m - 2 potions of mutation
 r - a potion of attraction
 u - a potion of might
 z - a potion of degeneration {unknown}


   Skills:
 + Level 7.4 Fighting
 * Level 10.6 Long Blades
 - Level 1.7 Throwing
 - Level 6.3 Dodging
 + Level 3.3 Spellcasting


You had 15 spell levels left.
You didn't know any spells.
Your spell library contained the following spells:

 Spells                   Type           Power      Damage    Failure   Level
 Apportation              Tloc           4%         N/A       17%         1
 Sandblast                Erth           4%         2d4       17%         1
 Shock                    Conj/Air       8%         1d3       17%         1
 Cigotuvi's Dreadful Rot  Necr/Pois/Air  4%         N/A       26%         2
 Ensorcelled Hibernation  Hex/Ice        4%         N/A       26%         2
 Passwall                 Tmut/Erth      1%         N/A       26%         2
 Poisonous Vapours        Pois/Air       4%         N/A       26%         2
 Static Discharge         Conj/Air       4%         2-3/arc   26%         2
 Inner Flame              Hex/Fire       2%         N/A       45%         3
 Mephitic Cloud           Conj/Pois/Air  2%         N/A       45%         3
 Ozocubu's Armour         Ice            2%         N/A       45%         3
 Stone Arrow              Conj/Erth      4%         3d7       45%         3
 Swiftness                Air            2%         N/A       45%         3
 Airstrike                Air            1%         2d(1-17)  83%         4
 Cause Fear               Hex            1%         N/A       83%         4
 Flame Wave               Conj/Fire      2%         2d4       83%         4
 Alistair's Intoxication  Tmut/Pois      1%         N/A       99%         5
 Irradiate                Conj/Tmut      1%         3d12      99%         5
 Ozocubu's Refrigeration  Ice            1%         4d7       100%        7
 Discord                  Hex            1%         N/A       100%        8
 Fire Storm               Conj/Fire      1%         7d1       100%        9


Dungeon Overview and Level Annotations

Branches:
Dungeon (9/15)             Temple (1/1) D:5
   Lair: D:8-11         Orc: D:9-12

Altars:
Ashenzari
Cheibriados
Dithmenos
Elyvilon
Fedhas
Gozag
Hepliaklqana
Makhleb
Nemelex Xobeh
Okawaru
Qazlal
Ru
Sif Muna
Trog
Uskayaw
Vehumet
Wu Jian
Xom
Yredelemnul
Zin
The Shining One


Innate Abilities, Weirdness & Mutations

You have razor-sharp teeth.
Your natural rate of healing is unusually fast.
When hurt, damage is shared between your health and your magic reserves.
Your bite disrupts and absorbs the magic of your enemies.
Potions cannot restore your health.


Message History

The rime drake bites you.
You hit the rime drake.
The rime drake is lightly wounded.
The rime drake closely misses you.
The rime drake bites you but does no damage.
You closely miss the rime drake. Your bite misses the rime drake.
The rime drake is almost dead.
The rime drake misses you.
The rime drake bites you but does no damage.
You hit the rime drake. You bite the rime drake. You drain its power.
The rime drake is almost dead.
The ice encasing you melts away.
The rime drake bites you but does no damage.
The rime drake misses you.
You slash the rime drake!
You kill the rime drake!
The rime drake breathes ice at you. The icy flash freeze hits you!!
You are encased in ice.
The rime drake attacks as you move away!
The rime drake bites you.
* * * LOW HITPOINT WARNING * * *
The rime drake bites you but does no damage.
The rime drake attacks as you move away!
The rime drake barely misses you. The ice encasing you melts away.
The rime drake breathes ice at you. The icy flash freeze hits you!
* * * LOW HITPOINT WARNING * * *
You are encased in ice.
The rime drake attacks as you move away!
The rime drake bites you but does no damage.
The rime drake is distracted by your dazzling golden aura.
There is a stone staircase leading up here.
The ice encasing you melts away.
The rime drake is no longer distracted by gold.
The rime drake breathes ice at you. The icy flash freeze hits you!!
You die...
Your body crumbles into a pile of gold.

......#####....# **,*,*,*,*,*,*
...............# *##,⌠,*,⌠,*,⌠,*,
...............# *.+,,*,*,*,*,*,⌠
...............# *.+,*,⌠,*,⌠,*,,,
...............###.+,,*,*,*,*,*,⌠
....#..............#,⌠,*,⌠,*,⌠,*,
...................#*,*,*,*,*,*,*
##.................#**,,,*,⌠,*,⌠,
.+..............@..# ******,*,*,*
##......###.....k..####**********
.#......###.....k.....#*,,,,,*
.#....................#*,******
................$.....#*,,,,,,*
.............###'#######+****,*
..............##........*****,*
...............##..##..#*** *,*
.#####.##...#...##....##*****,*


You could see 2 rime drakes.

Vanquished Creatures
  A tengu warrior (D:8)
  A deep elf pyromancer (D:8)
  A kobold demonologist (D:8)
  Maggie (D:6)
  A rime drake (D:8)
  A troll (D:8)
  Sigmund (D:6)
  A steam dragon (D:8)
  Edmund (D:5)
  Menkaure (D:5)
  4 water moccasins
  3 black bears
  3 ice beasts
  An ogre (D:5)
  2 orc warriors
  A sky beast (D:4)
  2 centaurs
  2 kobold brigands
  4 scorpions
  A bullfrog (D:6)
  3 wights
  6 killer bees (D:8)
  An electric eel (D:6)
  2 hounds
  4 orc priests
  A gnoll bouda (D:6)
  4 jellies
  Natasha (thrice) (D:2)
  7 iguanas
  4 orc wizards
  9 gnolls
  5 adders
  2 shadow imps
  A white imp (D:7)
  2 ufetubi
  4 dart slugs
  24 orcs
  13 endoplasms
  3 giant cockroaches
  5 goblins
  8 hobgoblins
  10 jackals
  2 quokkas
  6 ball pythons
  3 bats
  A frilled lizard (D:1)
  14 kobolds
  4 rats
184 creatures vanquished.

Notes
Turn   | Place    | Note
-------+----------+-------------------------------------------
     0 | D:1      | DeathPants the Vine Stalker Gladiator began the quest for
                  | the Orb.
     0 | D:1      | Reached XP level 1. HP: 11/11 MP: 2/2
   144 | D:1      | Reached XP level 2. HP: 15/15 MP: 3/3
   210 | D:1      | Reached skill level 3 in Long Blades
   824 | D:1      | Reached XP level 3. HP: 18/18 MP: 4/4
   924 | D:2      | Noticed Natasha
   933 | D:2      | Killed Natasha
   953 | D:2      | Identified the +1 robe "Usemoda" {*Slow Str+3 Int+4 Slay+2}
  1054 | D:2      | Gained mutation: Your natural rate of healing is unusually
                  | fast. [Vine Stalker growth]
  1054 | D:2      | Reached XP level 4. HP: 17/23 MP: 5/5
  1068 | D:2      | Noticed Natasha
  1072 | D:2      | Killed Natasha
  1305 | D:2      | Noticed Natasha
  1309 | D:2      | Killed Natasha
  1310 | D:2      | Reached skill level 4 in Long Blades
  1310 | D:2      | Reached XP level 5. HP: 27/27 MP: 6/6
  1999 | D:3      | Got the Atlas of the Coals and Bruises
  2390 | D:5      | Entered Level 5 of the Dungeon
  2692 | D:4      | Reached XP level 6. HP: 32/32 MP: 7/7
  2766 | D:4      | Noticed a sky beast
  2777 | D:4      | Killed a sky beast
  2778 | D:4      | Reached skill level 5 in Long Blades
  2867 | D:4      | Reached XP level 7. HP: 25/36 MP: 8/8
  2936 | D:5      | Noticed Menkaure
  2977 | D:5      | Killed Menkaure
  3013 | D:5      | Found a staircase to the Ecumenical Temple.
  3033 | Temple   | Entered the Ecumenical Temple
  3050 | Temple   | Became a worshipper of Gozag Ym Sagoz the Greedy
  3087 | D:5      | Reached skill level 6 in Long Blades
  3367 | D:5      | Gained mutation: You have razor-sharp teeth. [Vine Stalker
                  | growth]
  3367 | D:5      | Reached XP level 8. HP: 25/42 MP: 9/9
  3511 | D:6      | Reached skill level 7 in Long Blades
  3589 | D:5      | Noticed Edmund
  3601 | D:5      | Killed Edmund
  3602 | D:5      | Reached skill level 5 in Fighting
  3716 | D:6      | Reached skill level 5 in Dodging
  4098 | D:6      | Noticed Sigmund
  4109 | D:6      | Killed Sigmund
  4110 | D:6      | Reached XP level 9. HP: 47/47 MP: 10/10
  4116 | D:6      | Reached skill level 8 in Long Blades
  4270 | D:6      | Noticed Maggie
  4281 | D:6      | Killed Maggie
  4440 | D:6      | You fall into a shaft and drop 2 floors!
  4486 | D:8      | Reached skill level 9 in Long Blades
  4851 | D:7      | Reached XP level 10. HP: 53/53 MP: 11/11
  5155 | D:8      | Found the +4 skin of Zhor {*Englaciate rC+++ SInv}
  5533 | D:7      | Reached skill level 1 in Spellcasting
  5622 | D:7      | Found a glowing golden altar of the Shining One.
  5625 | D:7      | Found a shimmering blue altar of Sif Muna.
  5628 | D:7      | Found a broken altar of Ashenzari.
  5640 | D:7      | Found a shadowy altar of Dithmenos.
  5957 | D:8      | Noticed a deep elf pyromancer
  5957 | D:8      | Noticed a kobold demonologist
  5961 | D:8      | Noticed a tengu warrior
  5973 | D:8      | Killed a kobold demonologist
  5974 | D:8      | Reached skill level 10 in Long Blades
  5989 | D:8      | Killed a tengu warrior
  5994 | D:8      | Killed a deep elf pyromancer
  6332 | D:8      | Killed from afar by a rime drake

Illustrated notes

Levels and vault maps discovered:
D:1:      co_arrival_square_in_a_square_in_a_square, layout_loops_corners
D:2:      layout_basic, dk_noncrumbling_2, roderic_roman_lattice, uniq_natasha
D:3:      layout_rooms
D:4:      minmay_bubble_buster, layout_basic, nicolae_nh_ransacked_shop
D:5:      layout_basic, minmay_temple_entry_trees, serial_bayou_pond_b,
          kennysheep_generic_room_3, uniq_edmund, uniq_menkaure
D:6:      cheibrodos_helix_gallery, layout_basic, uniq_sigmund, uniq_maggie
D:7:      layout_loops_ring, grunt_temple_overflow_cloverleaf
D:8:      minmay_blocky_corners, layout_basic, kennysheep_vampire_church,
          eino_tiny_chamber, hellmonk_guarded_unrand_zhor
D:9:      layout_cave_pools, erik_lair_dragon, minmay_orc_entry_temple_small,
          serial_glass, glass_columns_c, glass_columns_a, uniq_maurice,
          uniq_amaemon
Temple:   sentei_temple_godly_chess

Skill      XL: |  1  2  3  4  5  6  7  8  9 10 |
---------------+-------------------------------+-----
Fighting       | 2 3 4 5 6 7 |  7.4
Long Blades    | 3 4 5 6 7 9 10 | 10.6
Dodging        | 3 4 5 6 |  6.3
Spellcasting   | 3 |  3.3
Throwing       | |  1.7

Action                     |  1- 3 |  4- 6 |  7- 9 | 10-12 || total
---------------------------+-------+-------+-------+-------++-------
  Melee: Long sword        |    58 |   127 |   231 |   127 ||   543
         Bite              |    12 |    25 |    85 |    46 ||   168
         Punch             |       |     1 |     5 |     3 ||     9
         Great sword       |       |       |    38 |       ||    38
  Throw: Throwing net      |       |       |     4 |       ||     4
    Use: Scroll            |       |    13 |     6 |     1 ||    20
         Potion            |       |       |     1 |     2 ||     3
   Stab: Sleeping          |     5 |     6 |       |       ||    11
         Distracted        |       |     1 |     1 |       ||     2
 Armour: Leather armour    |    13 |       |       |       ||    13
         Robe              |     3 |    41 |    49 |       ||    93
         Swamp dragon scal |       |       |    33 |    56 ||    89
         Ring mail         |       |       |       |     6 ||     6
  Dodge: Dodged            |    33 |    75 |   173 |    74 ||   355
  Block: Other             |       |    12 |    83 |    30 ||   125
         Reflection        |       |     1 |     1 |     1 ||     3

Table legend: (Time is in decaauts)
 A = Elapsed time spent in this place.
 B = Non-inter-level travel time spent in this place.
 C = Inter-level travel time spent in this place.
 D = Time resting spent in this place.
 E = Time spent auto-exploring this place.
 F = Levels seen in this place.
 G = Mean time per level.
                   A        B        C        D        E       F      G
               +--------+--------+--------+--------+--------+-----+--------+
         Total |   6388 |   6233 |    155 |    344 |   3690 |  10 |  638.8 |
       Dungeon |   6358 |   6203 |    155 |    344 |   3690 |   9 |  706.4 |
        Temple |     30 |     30 |      0 |      0 |      0 |   1 |   30.0 |
               +--------+--------+--------+--------+--------+-----+--------+

Top non-repeatable levels by time:
     D:2: 966 daAuts
     D:8: 903 daAuts
     D:1: 880 daAuts
     D:7: 824 daAuts
     D:5: 797 daAuts
     D:6: 785 daAuts
     D:4: 675 daAuts
     D:3: 451 daAuts
     D:9: 73 daAuts
  Temple: 30 daAuts
